 Dungeon Sprint DCSS version 0.19-a0-1065-gdac414d (webtiles) character file.

361 Kidiri the Covert (level 6, -1/32 HPs)
             Began as a Spriggan Enchanter on Aug 3, 2016.
             Was a Follower of Okawaru.
             Slain by an anaconda (3 damage)
             ... in the Dungeon (Sprint VII: "The Pits").
             The game lasted 00:05:53 (801 turns).

Kidiri the Covert (Spriggan Enchanter)               Turns: 801, Time: 00:05:53

Health: -1/32      AC:  3    Str:  4    XL:     6   Next: 38%
Magic:  16/16      EV: 21    Int: 17    God:    Okawaru [*.....]
Gold:   0          SH:  0    Dex: 18    Spells: 5 memorised, 6 levels left

rFire  . . .     SeeInvis +     a - +4 dagger (drain)
rCold  . . .     Gourm    .     b - +1 robe
rNeg   . . .     Faith    .     (shield restricted)
rPois  .         Spirit   .     (helmet restricted)
rElec  .         Dismiss  .     (no cloak)
rCorr  .         Reflect  .     (gloves unavailable)
SustAt .         Harm     .     (boots unavailable)
MR     +....     NoTele   +     (no amulet)
Stlth  +++++.....               (no ring)
                                (no ring)

@: constricted, very quick
A: unfitting armour, see invisible, herbivore 3, speed 3, slow metabolism 2
a: Heroism, Renounce Religion


You were in the Dungeon.
You worshipped Okawaru.
Okawaru was aware of your devotion.
You were not hungry.

You visited 1 branch

Inventory:

Hand Weapons
 a - a +4 dagger of draining (weapon)
Armour
 b - a +1 robe (worn)
Scrolls
 j - a scroll of blinking
 m - 3 scrolls of remove curse
 n - 5 scrolls of amnesia
 o - a scroll of summoning
Potions
 e - 6 potions of curing
 f - 2 potions of heal wounds
 g - a potion of haste
 h - 4 potions of magic
 i - 3 potions of berserk rage
 l - 2 potions of invisibility
Books
 c - a book of Maledictions

   Spells                             Type                      Level
   a - Corona                         Hexes                        1
   b - Ensorcelled Hibernation        Hexes/Ice                    2
   c - Confuse                        Hexes                        3
   d - Tukima's Dance                 Hexes                        3
   e - Dazzling Spray                 Conjuration/Hexes            3
Comestibles
 d - 8 bread rations
 k - 40 fruits


   Skills:
 + Level 2.5 Fighting
 * Level 5.4 Short Blades
 + Level 2.2 Armour
 * Level 7.9 Dodging
 * Level 9.5 Stealth
 * Level 6.7 Spellcasting
 + Level 2.3 Conjurations
 + Level 6.6 Hexes
 + Level 2.4 Ice Magic
 + Level 3.2 Invocations


You had 6 spell levels left.
You knew the following spells:

 Your Spells              Type           Power        Failure   Level  Hunger
a - Corona                Hex            ####...      1%          1    None
b - Ensorcelled Hibernat  Hex/Ice        ###...       2%          2    None
c - Confuse               Hex            ####....     2%          3    ##.....
d - Tukima's Dance        Hex            ####....     2%          3    ##.....
e - Dazzling Spray        Conj/Hex       ###...       8%          3    ##.....


Dungeon Overview and Level Annotations

Branches:
Dungeon (1/1)

Altars:
Ashenzari
Cheibriados
Dithmenos
Elyvilon
Fedhas
Gozag
Kikubaaqudgha
Makhleb
Nemelex Xobeh
Okawaru
Pakellas
Qazlal
Ru
Sif Muna
Trog
Vehumet
Xom
Yredelemnul
Zin
The Shining One
Beogh
Jiyva
Lugonu


Innate Abilities, Weirdness & Mutations

You are tiny and cannot use many weapons and most armour.
You have supernaturally acute eyesight. (SInv)
You are a herbivore.
You cover ground extremely quickly.
You need consume almost no food.


Message History

The helpless worker ant fails to defend itself.
You stick the worker ant like a pincushion!!!!
You kill the worker ant!
Okawaru accepts your kill.
Unknown command.
You close the door.
You open the door.
An anaconda comes into view.
The anaconda hisses angrily.
The anaconda misses you. The anaconda closely misses you.
There is an open door here.
You hit the anaconda. You drain the anaconda!
The anaconda is lightly wounded.
The anaconda grabs you. The anaconda bites you! The anaconda constricts you.
The anaconda barely misses you. The anaconda constricts you.
Unknown command.
Your attempt to break free from the anaconda fails, but you feel that another attempt might succeed.
The anaconda bites you!
* * * LOW HITPOINT WARNING * * *
You die...

#.#..+.)))[##.......#
#.#..#.)))[##.......#
#'###########.......#
#.......# #########
#...#...# #...#...#
#.##.##.#+#
#...#...#S+
#...#...#@#
#.......+.#
###########


You could see an anaconda.

Vanquished Creatures
  Menkaure (D)
  A water moccasin (D)
  A sky beast (D)
  A crimson imp (D)
  A hound (D)
  A worker ant (D)
  3 adders (D)
  An ooze (D)
  A giant gecko (D)
  2 kobolds (D)
  2 quokkas (D)
  A bat (D)
16 creatures vanquished.

Notes
Turn   | Place    | Note
-------+----------+-------------------------------------------
     0 | D        | Kidiri the Spriggan Enchanter began the quest for the Orb.
     0 | D        | Reached XP level 1. HP: 9/9 MP: 5/5
    13 | D        | Reached skill level 5 in Stealth
    13 | D        | Reached skill level 5 in Hexes
    13 | D        | Reached XP level 2. HP: 13/13 MP: 7/7
    17 | D        | Learned a level 2 spell: Ensorcelled Hibernation
    45 | D        | Found a sacrificial altar of Ru.
    45 | D        | Found a basalt altar of Yredelemnul.
    45 | D        | Found a shadowy altar of Dithmenos.
    45 | D        | Found a deep blue altar of Sif Muna.
    45 | D        | Found a burning altar of Makhleb.
    45 | D        | Found a shimmering altar of Xom.
    45 | D        | Found an ancient bone altar of Kikubaaqudgha.
    45 | D        | Found a sparkling altar of Nemelex Xobeh.
    46 | D        | Found a glowing golden altar of the Shining One.
    46 | D        | Found a bloodstained altar of Trog.
    46 | D        | Found a shattered altar of Ashenzari.
    46 | D        | Found a white marble altar of Elyvilon.
    46 | D        | Found a snail-covered altar of Cheibriados.
    46 | D        | Found a blossoming altar of Fedhas.
    46 | D        | Found a radiant altar of Vehumet.
    46 | D        | Found a glowing silver altar of Zin.
    46 | D        | Found a corrupted altar of Lugonu.
    46 | D        | Found a viscous altar of Jiyva.
    46 | D        | Found a roughly hewn altar of Beogh.
    46 | D        | Found an iron altar of Okawaru.
    47 | D        | Found an oddly glowing altar of Pakellas.
    50 | D        | Found a stormy altar of Qazlal.
    51 | D        | Found an opulent altar of Gozag.
    53 | D        | Became a worshipper of Warmaster Okawaru
   285 | D        | Reached skill level 6 in Stealth
   285 | D        | Reached XP level 3. HP: 17/17 MP: 6/9
   290 | D        | Learned a level 3 spell: Confuse
   294 | D        | Learned a level 3 spell: Dazzling Spray
   350 | D        | Noticed Menkaure
   350 | D        | Noticed a water moccasin
   354 | D        | Noticed a sky beast
   363 | D        | Reached skill level 1 in Fighting
   363 | D        | Reached skill level 5 in Dodging
   363 | D        | Reached skill level 1 in Ice Magic
   363 | D        | Reached skill level 1 in Invocations
   389 | D        | Reached skill level 7 in Stealth
   389 | D        | Reached XP level 4. HP: 12/22 MP: 0/11
   527 | D        | Learned a level 3 spell: Tukima's Dance
   536 | D        | Killed a sky beast
   536 | D        | Reached * piety under Okawaru
   536 | D        | Reached skill level 1 in Armour
   536 | D        | Reached skill level 5 in Spellcasting
   536 | D        | Reached skill level 1 in Conjurations
   636 | D        | Killed Menkaure
   636 | D        | Reached skill level 8 in Stealth
   636 | D        | Reached XP level 5. HP: 23/26 MP: 4/14
   654 | D        | Killed a water moccasin
   654 | D        | Reached skill level 5 in Short Blades
   654 | D        | Reached skill level 9 in Stealth
   654 | D        | Reached XP level 6. HP: 32/32 MP: 1/16
   798 | D        | Noticed an anaconda
   801 | D        | Slain by an anaconda

Vault maps used:
D:        pitsprint

Skill      XL: |  1  2  3  4  5 |
---------------+----------------+-----
Stealth        | 5 6 7 8 9 |  9.5
Spellcasting   | 3 4 6 |  6.7
Hexes          | 5 6 |  6.6
Dodging        | 4 5 6 7 |  7.9
Short Blades   | 2 4 5 |  5.4
Fighting       | 1 2 |  2.5
Ice Magic      | 1 2 |  2.4
Invocations    | 1 2 3 |  3.2
Armour         | 1 2 |  2.2
Conjurations   | 1 2 |  2.3

Action                   |  1- 3 |  4- 6 || total
-------------------------+-------+-------++-------
Melee: Dagger            |    20 |    12 ||    32
 Cast: Ensorcelled Hiber |    13 |     4 ||    17
       Corona            |     2 |       ||     2
       Dazzling Spray    |       |     2 ||     2
       Confuse           |       |     1 ||     1
  Use: Potion            |     3 |     1 ||     4
 Stab: Sleeping          |     9 |     4 ||    13
Armor: Robe              |       |     1 ||     1
Dodge: Dodged            |    31 |     6 ||    37
